AoeStats
← Wigglz2

Fortress

508540357Analyzed
3v3 RM · 11d ago on Sep 22, 2026· 45m 20s· 6 players
Game mode
Random Map
Map size
Large (8 player)
Population
200
Speed
Normal
Resources
Standard
Victory
Conquest
Starting age
Dark Age
Ending age
Imperial Age
RankedLock teamsTeams togetherTeam positionsShared explorationLock speedFull tech treeHidden civsTurbo modeCheats
Victory
Defeat
🇺🇸 Khmer · United States
1030
+17
🇺🇸 Byzantines · United States
1030
+17
🇺🇸 Saracens · United States
982
+18
🇺🇸 Bengalis · United States
1068
-18
🇺🇸 Vietnamese · United States
1063
-18
🇺🇸 Celts · United States
1002
-16
Wigglz2
8:00 Feudal Age
11:12 Castle Age
8:57 Horse Collar
9:07 Double-Bit Axe
16:08 Stone Mining
16:29 Gold Mining
17:49 Bow Saw
21:21 Heavy Plow
25:18 Wheelbarrow
27:22 Imperial Age
25:09 Loom
25:09 Town Watch
26:22 Caravan
26:23 Fletching
26:39 Scale Barding Armor
29:01 Bloodlines
28:52 Husbandry
29:16 Conscription
28:56 Double Crossbow
28:17 Elite Ballista Elephant
30:19 Ballistics
31:00 Chemistry
30:06 Siege Engineers
31:54 Light Cavalry
33:58 Chain Barding Armor
33:48 Forging
33:35 Bodkin Arrow
37:57 Iron Casting
37:58 Plate Barding Armor
37:24 Bracer
McBouncy
7:42 Feudal Age
11:57 Castle Age
10:09 Double-Bit Axe
13:42 Horse Collar
14:33 Husbandry
15:55 Loom
18:23 Scale Barding Armor
21:05 Wheelbarrow
23:10 Heavy Plow
23:26 Bow Saw
28:29 Imperial Age
27:27 Forging
27:38 Chain Barding Armor
27:11 Fletching
27:22 Padded Archer Armor
28:15 Gold Mining
28:23 Stone Mining
29:15 Hand Cart
30:47 Plate Barding Armor
30:48 Iron Casting
30:09 Bodkin Arrow
32:33 Conscription
32:18 Elite Skirmisher
34:17 Caravan
34:58 Ballistics
35:39 Chemistry
34:47 Siphons
35:50 Bracer
36:05 Leather Archer Armor
37:19 Logistica
37:16 Elite Cataphract
44:58 Ring Archer Armor
Hog Patrol
1:41 Loom
7:28 Feudal Age
10:00 Wheelbarrow
14:46 Castle Age
14:05 Fletching
16:16 Double-Bit Axe
16:58 Horse Collar
19:52 Town Watch
21:37 Heavy Plow
22:16 Elite Skirmisher
23:03 Padded Archer Armor
25:46 Leather Archer Armor
25:28 Bodkin Arrow
29:35 Forging
29:32 Scale Barding Armor
34:12 Imperial Age
33:39 Bloodlines
33:30 Husbandry
35:18 Iron Casting
35:03 Chain Barding Armor
37:21 Conscription
36:22 Elite Mameluke
36:33 Heavy Camel Rider
Flaco
8:58 Feudal Age
12:40 Castle Age
11:06 Fletching
11:08 Double-Bit Axe
11:08 Horse Collar
12:03 Loom
14:03 Wheelbarrow
13:49 Bow Saw
13:41 Heavy Plow
15:19 Hand Cart
16:47 Crossbowman
19:39 Gold Mining
21:15 Fletching
21:25 Padded Archer Armor
22:05 Stone Mining
22:28 Bodkin Arrow
23:11 Caravan
23:07 Elite Skirmisher
24:58 Stone Shaft Mining
28:35 Imperial Age
26:50 Thumb Ring
26:10 Pikeman
26:51 Squires
26:36 Arson
27:55 Leather Archer Armor
27:52 Forging
27:43 Scale Mail Armor
29:41 Paper Money
28:46 Onager
32:48 Chemistry
32:17 Ballistics
33:11 Two-Man Saw
32:45 Crop Rotation
32:20 Bracer
32:51 Ring Archer Armor
32:45 Halberdier
34:24 Iron Casting
34:04 Chain Mail Armor
33:54 Scale Barding Armor
34:18 Arbalester
34:19 Imperial Skirmisher
35:47 Fortified Wall
37:05 Plate Mail Armor
37:48 Siege Engineers
38:30 Treadmill Crane
40:06 Chain Barding Armor
42:03 Plate Barding Armor
43:37 Elite Rattan Archer
SDTopher
8:56 Feudal Age
7:36 Loom
13:03 Castle Age
12:02 Double-Bit Axe
11:59 Horse Collar
12:45 Fletching
13:48 Bodkin Arrow
16:42 Gold Mining
20:06 Padded Archer Armor
21:27 Wheelbarrow
22:35 Hand Cart
22:53 Leather Archer Armor
25:46 Bloodlines
26:51 Husbandry
33:29 Gold Shaft Mining
40:48 Imperial Age
38:53 Scale Barding Armor
41:40 Chain Barding Armor
41:32 Forging
41:49 Light Cavalry
44:04 Conscription
43:53 Paiks
Koala
7:06 Feudal Age
14:10 Castle Age
16:38 Stone Mining
18:59 Wheelbarrow
20:19 Loom
21:36 Double-Bit Axe
21:33 Horse Collar
23:51 Elite Skirmisher
24:25 Fletching
24:36 Padded Archer Armor
25:04 Heavy Plow
25:18 Bow Saw
25:01 Pikeman
25:27 Gambesons
25:49 Scale Mail Armor
30:30 Imperial Age
29:03 Bodkin Arrow
29:23 Leather Archer Armor
29:20 Forging
30:42 Halberdier
31:45 Conscription
30:48 Capped Ram
32:14 Imperial Skirmisher
33:14 Siege Ram
35:14 Furor Celtica
36:42 Chain Mail Armor
37:02 Iron Casting
37:05 Onager
39:21 Cavalier
Connection lost

Rejoining the realm…

Still unreachable

The connection could not be restored.

Session expired

The server has moved on; the page needs a fresh start.